 Dungeon Crawl Stone Soup version 0.22-a0-348-gd16d139 (webtiles) character file.

1120 RoseArtemis the Cleaver (level 8, -5/71 HPs)
             Began as a Minotaur Fighter on Apr 7, 2018.
             Was a Follower of Okawaru.
             Slain by an orc warrior
             ... wielding a +0 broad axe
              (23 damage)
             ... on level 6 of the Dungeon.
             The game lasted 00:08:11 (4667 turns).

RoseArtemis the Cleaver (Minotaur Fighter)          Turns: 4667, Time: 00:08:12

Health: -5/71      AC: 10    Str: 21    XL:     8   Next: 12%
Magic:  5/7        EV: 11    Int:  6    God:    Okawaru [*.....]
Gold:   255        SH: 11    Dex: 11    Spells: 7/7 levels left

rFire    . . .     SeeInvis .   a - +0 war axe
rCold    . . .     Gourm    .   c - +0 shield
rNeg     . . .     Faith    .   b - +0 scale mail
rPois    .         Spirit   .   (helmet restricted)
rElec    .         Reflect  .   (no cloak)
rCorr    .         Harm     .   u - +0 pair of gloves
MR       +....                  (no boots)
Stlth    +.........             (no amulet)
HPRegen  0.21/turn              l - ring of protection from magic
MPRegen  0.10/turn              (no ring)

@: heroism
A: retaliatory headbutt, horns 2
a: Heroism, Renounce Religion


You were on level 6 of the Dungeon.
You worshipped Okawaru.
Okawaru was aware of your devotion.
You were not hungry.

You visited 2 branches of the dungeon, and saw 7 of its levels.

You collected 255 gold pieces.

Inventory:

Hand Weapons
 a - a +0 war axe (weapon)
Armour
 b - a +0 scale mail (worn)
 c - a +0 shield (worn)
 u - a +0 pair of gloves (worn)
Jewellery
 e - an uncursed ring of wizardry {unknown}
 l - a ring of protection from magic (left hand)
Wands
 n - a wand of clouds (7)
 o - a wand of disintegration (8)
Scrolls
 h - a scroll of fear {unknown}
 j - a scroll of remove curse {unknown}
 r - a scroll of teleportation {unknown}
 s - a scroll of enchant armour {unknown}
Potions
 d - a potion of might
 g - a potion of degeneration
 i - 2 potions of berserk rage
 k - 2 potions of invisibility
 m - a potion of brilliance
 p - a potion of curing
 q - a potion of flight
 t - a potion of resistance
 v - 2 potions of haste
Comestibles
 f - 10 rations
 w - 2 chunks of flesh


   Skills:
 + Level 6.8(11.8) Fighting
 * Level 8.5(13.5) Axes
 + Level 6.7(11.7) Armour
 - Level 3.6(8.6) Shields


You had 7 spell levels left.
You didn't know any spells.

Dungeon Overview and Level Annotations

Branches:
Dungeon (6/15)             Temple (1/1) D:5

Altars:
Cheibriados
Dithmenos
Fedhas
Gozag
Hepliaklqana
Kikubaaqudgha
Makhleb
Nemelex Xobeh
Okawaru
Ru
Sif Muna
Trog
Uskayaw
Vehumet
Xom
Zin
The Shining One


Innate Abilities, Weirdness & Mutations

You reflexively headbutt those who attack you in melee.
You have a pair of horns on your head.


Message History

You hit the orc but do no damage.
The orc warrior hits you with a broad axe!!
You block the orc's attack.
The orc wizard gestures at you while chanting.
The magic dart hits you!
You hit the orc warrior but do no damage.
You closely miss the orc. You barely miss the orc wizard.
The orc warrior hits you but does no damage.
The orc hits you but does no damage. The orc wizard hits you with a dagger.
You closely miss the orc warrior. Your headbutt misses the orc warrior.
You hit the orc. You barely miss the orc wizard.
The orc wizard hits you but does no damage.
The orc warrior hits you with a broad axe!
* * * LOW HITPOINT WARNING * * *
The orc barely misses you.
You gain the combat prowess of a mighty hero.
The orc wizard casts a spell.
The orc wizard blinks!
The orc warrior hits you with a broad axe!!
You die...

#.+.......
#############.#......
#.............#.....
#.............#....
#.....o.......#...
#....>...........
#.....§o......#.###
#.....@o......#<..#.#.
#......................
#..................)#.#
###.#################
#.............###
####............#
#............#
#............#
#.....[......#


You could see an orc warrior, an orc wizard and an orc.

Vanquished Creatures
  An ice beast (D:3)
  2 phantoms
  An ogre (D:4)
  A scorpion (D:4)
  3 wights (D:6)
  A howler monkey (D:4)
  A bullfrog zombie (D:5)
  An orc priest (D:3)
  3 hounds
  2 bullfrog skeletons (D:4)
  An iguana (D:4)
  3 orc wizards
  3 hound skeletons (D:4)
  2 adders
  4 gnolls (D:4)
  An ooze (D:2)
  An adder zombie (D:5)
  3 worms
  3 dart slugs
  8 leopard geckos
  17 orcs
  7 bats
  4 giant cockroaches
  9 hobgoblins
  9 jackals
  7 kobolds
  6 quokkas
  2 ball pythons
  6 frilled lizards
  11 goblins
  A jackal skeleton (D:5)
  A quokka skeleton (D:5)
  7 rats
  10 plants (D:2)
142 creatures vanquished.

Vanquished Creatures (others)
  4 plants (D:2)
4 creatures vanquished.

Grand Total: 146 creatures vanquished

Notes
Turn   | Place    | Note
-------+----------+-------------------------------------------
     0 | D:1      | RoseArtemis the Minotaur Fighter began the quest for the Orb.
     0 | D:1      | Reached XP level 1. HP: 19/19 MP: 0/0
    52 | D:1      | Reached XP level 2. HP: 27/27 MP: 1/1
    54 | D:1      | Reached skill level 3 in Axes
   245 | D:1      | Reached XP level 3. HP: 33/33 MP: 2/2
   252 | D:1      | You fall through a shaft!
   343 | D:2      | Noticed a phantom
   362 | D:2      | Found an iron altar of Okawaru.
   365 | D:2      | Killed a phantom
   365 | D:2      | Reached skill level 4 in Axes
   365 | D:2      | Reached XP level 4. HP: 39/41 MP: 3/3
   381 | D:2      | Became a worshipper of Warmaster Okawaru
   541 | D:2      | Found a burning altar of Makhleb.
   549 | D:2      | Reached XP level 5. HP: 46/47 MP: 4/4
   595 | D:2      | Reached skill level 5 in Axes
   993 | D:2      | Found a faded altar of an unknown god.
  1529 | D:2      | Found a deep blue altar of Sif Muna.
  1645 | D:3      | Noticed an ice beast
  1653 | D:3      | Killed an ice beast
  1653 | D:3      | Reached skill level 5 in Fighting
  1653 | D:3      | Reached skill level 5 in Armour
  1653 | D:3      | Reached XP level 6. HP: 23/56 MP: 5/5
  2191 | D:1      | Reached skill level 6 in Axes
  3162 | D:4      | Reached XP level 7. HP: 36/62 MP: 6/6
  3489 | D:4      | Reached * piety under Okawaru
  3489 | D:4      | Reached skill level 7 in Axes
  3756 | D:5      | Entered Level 5 of the Dungeon
  4054 | D:5      | Found a staircase to the Ecumenical Temple.
  4064 | Temple   | Entered the Ecumenical Temple
  4458 | D:5      | Reached skill level 8 in Axes
  4532 | D:6      | Reached XP level 8. HP: 71/71 MP: 7/7
  4667 | D:6      | Slain by an orc warrior

Vault maps used:
D:1:      evilmike_arrival_crescent
D:2:      okawaru_trees_2, nicolae_overflow_hidden_temple,
          chequers_ecumenical_altar_lobes, wad_woods_river_04,
          makhleb_heckhound_becter
D:5:      minmay_temple_entry_hall, first_ration
D:6:      kennysheep_mini_moat, kennysheep_generic_room_7
Temple:   eino_wide_crystal_templ

Skill      XL: |  1  2  3  4  5  6  7 |
---------------+----------------------+-----
Axes           | 3 4 5 6 8 |  8.5
Fighting       | 4 5 6 |  6.8
Armour         | 4 5 6 |  6.7
Shields        | |  3.6

Action                   |  1- 3 |  4- 6 |  7- 9 || total
-------------------------+-------+-------+-------++-------
Melee: War axe           |    65 |   291 |   122 ||   478
       Headbutt          |     7 |    65 |    19 ||    91
Invok: Heroism           |       |       |     1 ||     1
  Use: Scroll            |       |     8 |     3 ||    11
  Eat: Chunk             |       |     8 |     5 ||    13
Armor: Scale mail        |    21 |    55 |    53 ||   129
Dodge: Dodged            |    26 |    54 |    31 ||   111
Block: Shield            |    36 |    68 |    51 ||   155

Table legend:
 A = Spawn XP
 B = Non-spawn XP
 C = Spawn XP percentage of total XP
 D = Spawn monster count
 E = Non-spawn monster count
 F = Spawn count percentage of total count
 G = Total turns spent on level
                    A         B        C        D         E        F      G
               +---------+---------+-------+---------+---------+-------+---------
         Total |       0 |    1601 |   0.0 |       0 |     132 |   0.0 |  4667
               +---------+---------+-------+---------+---------+-------+---------
           D:1 |       0 |      61 |   0.0 |       0 |      32 |   0.0 |   468
           D:2 |       0 |     227 |   0.0 |       0 |      29 |   0.0 |  1381
           D:3 |       0 |     223 |   0.0 |       0 |      22 |   0.0 |  1186
           D:4 |       0 |     585 |   0.0 |       0 |      28 |   0.0 |   721
           D:5 |       0 |     287 |   0.0 |       0 |      15 |   0.0 |   698
           D:6 |       0 |     218 |   0.0 |       0 |       6 |   0.0 |   157
               +---------+---------+-------+---------+---------+-------+---------
